 Dungeon Crawl Stone Soup version 0.28.0-53-g5a82cb258f (webtiles) character file.

Game seed: 2677943012364106250

63 jottpe the Digger (level 3, -4/31 HPs)
             Began as a Deep Dwarf Earth Elementalist on Aug 17, 2022.
             Slain by Terence
             ... wielding a +2 mace of holy wrath
              (8 damage)
             ... on level 3 of the Dungeon.
             The game lasted 00:13:20 (1724 turns).

jottpe the Digger (Deep Dwarf Earth Elementalist)   Turns: 1724, Time: 00:13:22

Health: -4/31      AC:  3    Str: 11    XL:     3   Next: 89%
Magic:  9/15 (6)   EV: 12    Int: 17    God:
Gold:   64         SH:  0    Dex: 13    Spells: 3/6 levels left

rFire   . . .      SeeInvis +   o - staff of death
rCold   . . .      Faith    .   (no shield)
rNeg    + . .      Spirit   .   b - +0 robe
rPois   .          Reflect  .   (no helmet)
rElec   .          Harm     .   (no cloak)
rCorr   .          Rampage  .   l - +0 pair of gloves
Will    .....                   (no boots)
Stlth   ++........              (no amulet)
HPRegen 0.00/turn               a - ring of magical power
MPRegen 0.14/turn               d - ring of see invisible

@: very slightly contaminated
A: damage resistance, heal wounds, sense surroundings 1, no regeneration
a: Heal Wounds


You were on level 3 of the Dungeon.
You visited 1 branch of the dungeon, and saw 3 of its levels.

You collected 64 gold pieces.

Inventory:

Hand Weapons
 g - a +0 short sword
Missiles
 c - 38 stones
 j - 20 bolts
Armour
 b - a +0 robe (worn)
 f - a +0 chain mail
 k - a +0 ring mail
 l - a +0 pair of gloves (worn)
 m - a +0 robe
Magical Staves
 o - a staff of death (weapon)
Jewellery
 a - a ring of magical power (left hand)
 d - a ring of see invisible (right hand)
Scrolls
 e - a scroll of blinking
 h - a scroll of teleportation {unknown}
 q - a scroll of enchant weapon {unknown}
 r - a scroll of fear {unknown}
Potions
 i - a potion of magic
 n - a potion of brilliance
 p - a potion of degeneration


   Skills:
 + Level 1.0 Fighting
 + Level 0.3 Short Blades
 + Level 2.6 Dodging
 + Level 2.8 Stealth
 + Level 0.2 Unarmed Combat
 + Level 2.4 Spellcasting
 + Level 0.8 Transmutations
 + Level 4.7 Earth Magic


You had 3 spell levels left.
You knew the following spells:

 Your Spells              Type           Power      Damage    Failure   Level
a - Sandblast             Erth           36%        2d10      2%          1
b - Passwall              Tmut/Erth      9%         N/A       9%          2

Your spell library contained the following spells:

 Spells                   Type           Power      Damage    Failure   Level
 Stone Arrow              Conj/Erth      20%        3d8       22%         3
 Gell's Gravitas          Tloc           2%         N/A       50%         3
 Lesser Beckoning         Tloc           2%         N/A       50%         3
 Teleport Other           Tloc           2%         N/A       50%         3
 Petrify                  Tmut/Erth      11%        N/A       52%         4


Dungeon Overview and Level Annotations

Branches:
Dungeon (3/15)

Altars:

Annotations:
D:3 Robin, Terence


Innate Abilities, Weirdness & Mutations

You are resistant to damage.
You can heal yourself by infusing magical energy.
You passively map a small area around you.
You do not regenerate.


Message History

Confirm with . or Enter, or press ? or * to list all spells.
Aiming: Sandblast (safe; 2% risk of failure)
Press: ? - help, Shift-Dir - straight line, f/p - Terence
Aim: Terence, wielding a +2 mace of holy wrath and wearing a +0 scale mail (lightly wounded, 82% to hit)
The blast of sand hits Terence.
Terence is moderately wounded.
Terence completely misses you.
Casting: Sandblast (safe; 2% risk of failure)
Confirm with . or Enter, or press ? or * to list all spells.
Aiming: Sandblast (safe; 2% risk of failure)
Press: ? - help, Shift-Dir - straight line, f/p - Terence
Aim: Terence, wielding a +2 mace of holy wrath and wearing a +0 scale mail (moderately wounded, 82% to hit)
The blast of sand hits Terence!
Terence is severely wounded.
Terence looks scornfully at you. Terence closely misses you.
Casting: Sandblast (safe; 2% risk of failure)
Confirm with . or Enter, or press ? or * to list all spells.
Aiming: Sandblast (safe; 2% risk of failure)
Press: ? - help, Shift-Dir - straight line, f/p - Terence
Aim: Terence, wielding a +2 mace of holy wrath and wearing a +0 scale mail (severely wounded, 82% to hit)
You miscast Sandblast.
Nothing appears to happen.
Terence barely misses you.
Casting: Sandblast (safe; 2% risk of failure)
Confirm with . or Enter, or press ? or * to list all spells.
Aiming: Sandblast (safe; 2% risk of failure)
Press: ? - help, Shift-Dir - straight line, f/p - Terence
Aim: Terence, wielding a +2 mace of holy wrath and wearing a +0 scale mail (severely wounded, 82% to hit)
The blast of sand hits Terence but does no damage.
Terence is severely wounded.
Terence hits you with a +2 mace of holy wrath.
* * * LOW HITPOINT WARNING * * *
Casting: Sandblast (safe; 2% risk of failure)
Confirm with . or Enter, or press ? or * to list all spells.
Aiming: Sandblast (safe; 2% risk of failure)
Press: ? - help, Shift-Dir - straight line, f/p - Terence
Aim: Terence, wielding a +2 mace of holy wrath and wearing a +0 scale mail (severely wounded, 82% to hit)
The blast of sand hits Terence.
Terence is severely wounded.
Terence hits you with a +2 mace of holy wrath!
You die...

*.##...............# #.#.
, ..........†..).###.#
#.#. ........######..# *
#.#. ##.####.# #..# #.#.
#.* #.# #..# #.#. # #.#
#S.# #.#. * #.# #..# #.#>
*###.######..#########.#.
,...)...@@S..............
###.#################.#.
* ####


You could see Terence and a ball python.

Vanquished Creatures
  3 adders (D:2)
  An adder skeleton (D:2)
  2 worms (D:2)
  An orc (D:3)
  2 ball pythons (D:2)
  3 bats
  2 endoplasms
  4 giant cockroaches
  2 goblins
  A hobgoblin (D:1)
  2 quokkas
  2 frilled lizards (D:1)
  2 kobolds
  A rat (D:2)
28 creatures vanquished.

Vanquished Creatures (others)
  4 withered plants (D:2)
4 creatures vanquished.

Grand Total: 32 creatures vanquished

Notes
Turn   | Place    | Note
-------+----------+-------------------------------------------
     0 | D:1      | jottpe the Deep Dwarf Earth Elementalist began the quest
                  | for the Orb.
     0 | D:1      | Reached XP level 1. HP: 15/15 MP: 3/3
   572 | D:1      | Reached XP level 2. HP: 8/24 MP: 5/5
   949 | D:2      | Learned a level 2 spell: Passwall
  1042 | D:2      | Reached XP level 3. HP: 6/30 MP: 6/6
  1182 | D:2      | Reached skill level 1 in Fighting
  1639 | D:3      | Noticed Robin
  1701 | D:3      | Noticed Terence
  1724 | D:3      | Slain by Terence

Illustrated notes

Levels and vault maps discovered:
D:1:      lemuel_arrival_broad_hall, layout_basic, minmay_misc_feat_room
D:2:      layout_basic, serial_undead, serial_undead_c, serial_undead_c,
          serial_undead_b, serial_undead_e, serial_undead_f, serial_undead_f
D:3:      layout_basic, shapermc_ecumenical_altar_hornbeckon,
          minmay_pentomino_pile, uniq_ijyb, uniq_terence, uniq_robin,
          uniq_natasha

Skill      XL: |  1  2  3 |
---------------+----------+-----
Spellcasting   | 2 |  2.4
Fighting       | 1 |  1.0
Short Blades   | |  0.3
Dodging        | |  2.6
Stealth        | |  2.8
Unarmed Combat | |  0.2
Transmutations | |  0.8
Earth Magic    | |  4.7

Action                   || total
-------------------------++-------
Melee: Unarmed           ||    28
       Short sword       ||    59
       Staff             ||    14
       Punch             ||     1
 Cast: Sandblast         ||    28
       Passwall          ||     2
  Use: Scroll            ||     5
       Potion            ||     1
 Stab: Sleeping          ||     1
Armor: Robe              ||    27
       Chain mail        ||     4
Dodge: Dodged            ||    69
